 Seeded DCSS version 0.28-a0-1234-g826d19b2e0 (webtiles) character file.

Game seed: 11023650935340118060 (custom seed)

259 croobank the Slasher (level 6, 0/53 HPs)
             Began as a Gnoll Cinder Acolyte on Dec 24, 2021.
             Was a High Priest of Ignis.
             Slain by a gnoll (12 damage)
             ... on level 3 of the Dungeon.
             The game lasted 00:10:56 (3309 turns).

croobank the Slasher (Gnoll Cinder Acolyte)         Turns: 3309, Time: 00:10:56

Health: 0/53       AC:  3    Str: 14    XL:     6   Next: 17%
Magic:  2/11       EV: 11    Int: 15    God:    Ignis [*****.]
Gold:   63         SH:  0    Dex:  7    Spells: 9/11 levels left

rFire   + . .      SeeInvis .   a - +0 club (spect)
rCold   . . .      Faith    .   (no shield)
rNeg    . . .      Spirit   .   e - +0 leather armour
rPois   .          Reflect  .   (no helmet)
rElec   .          Harm     .   (no cloak)
rCorr   .          Rampage  .   (no gloves)
Will    .....                   (no boots)
Stlth   +.........              (no amulet)
HPRegen 0.17/turn               (no ring)
MPRegen 0.12/turn               (no ring)

@: no status effects
A: fangs 1, strong nose, distributed training
a: Renounce Religion, Fiery Armour, Foxfire Swarm, Rising Flame


You were on level 3 of the Dungeon.
You worshipped Ignis.
Ignis was extremely pleased with you.
You visited 1 branch of the dungeon, and saw 3 of its levels.

You collected 63 gold pieces.

Inventory:

Hand Weapons
 a - a +0 spectral club (weapon)
 i - a +0 great sword of venom
 l - a -1 falchion of flaming
Missiles
 c - 114 stones (quivered)
 h - 14 sling bullets
Armour
 b - a +0 robe
 e - a +0 leather armour (worn)
 f - a +0 chain mail
 n - a +0 ring mail
 o - a +0 scale mail
Magical Staves
 m - a staff of air
Scrolls
 d - 2 scrolls of blinking {blink, unknown}
 g - a scroll of vulnerability {vulnerability, unknown}
Potions
 k - a potion of magic {magic, unknown}


   Skills:
 + Level 6.8 Fighting
 + Level 1.8 Short Blades
 + Level 6.8 Long Blades
 + Level 1.8 Axes
 + Level 1.8 Maces & Flails
 + Level 1.8 Polearms
 + Level 1.8 Staves
 + Level 1.8 Slings
 + Level 1.8 Bows
 + Level 1.8 Crossbows
 + Level 1.8 Throwing
 + Level 1.8 Armour
 + Level 1.8 Dodging
 + Level 1.8 Stealth
 + Level 1.8 Shields
 + Level 1.8 Unarmed Combat
 + Level 3.3 Spellcasting
 + Level 1.4 Conjurations
 + Level 1.4 Hexes
 + Level 1.4 Summonings
 + Level 1.4 Necromancy
 + Level 1.4 Translocations
 + Level 1.4 Transmutations
 + Level 5.6 Fire Magic
 + Level 1.4 Ice Magic
 + Level 1.4 Air Magic
 + Level 1.4 Earth Magic
 + Level 1.4 Poison Magic
 + Level 2.0 Invocations
 + Level 1.8 Evocations


You had 9 spell levels left.
You knew the following spells:

 Your Spells              Type           Power      Damage    Failure   Level
a - Scorch                Fire           38%        2d6       3%          2

Your spell library contained the following spells:

 Spells                   Type           Power      Damage    Failure   Level


Dungeon Overview and Level Annotations

Branches:
Dungeon (3/15)

Altars:


Innate Abilities, Weirdness & Mutations

You have very sharp teeth.
Your uncanny sense of smell can sniff out nearby items.
Your experience applies equally to all skills.


Message History

Casting: Scorch (safe; 3% risk of failure)
Confirm with . or Enter, or press ? or * to list all spells.
You don't have enough magic to cast this spell.
You hit the gnoll but do no damage.
The gnoll is lightly wounded.
Your +0 spectral club barely misses the gnoll.
The gnoll is no longer more vulnerable to fire.
The gnoll hits you with a +0 flail!
You barely miss the gnoll. You bite the gnoll, but do no damage.
The gnoll is lightly wounded.
Your +0 spectral club hits the gnoll but does no damage.
The gnoll hits you with a +0 flail.
You hit the gnoll but do no damage.
The gnoll is lightly wounded.
Your +0 spectral club hits the gnoll but does no damage.
The gnoll barely misses you.
You hit the gnoll but do no damage.
The gnoll is lightly wounded.
Your +0 spectral club hits the gnoll.
The gnoll hits you with a +0 flail! The gnoll closely misses you.
You hit the gnoll but do no damage.
The gnoll is moderately wounded.
Your +0 spectral club hits the gnoll.
The gnoll hits you with a +0 flail!
* * * LOW HITPOINT WARNING * * *
You hit the gnoll but do no damage.
The gnoll is severely wounded.
Your +0 spectral club hits the gnoll but does no damage.
The gnoll barely misses your +0 spectral club.
It was a potion of curing {curing}.
You feel better. The gnoll closely misses you.
You hit the gnoll but do no damage.
The gnoll is severely wounded.
Your +0 spectral club closely misses the gnoll.
The gnoll hits you with a +0 flail!
* * * LOW HITPOINT WARNING * * *
You hit the gnoll but do no damage.
The gnoll is severely wounded.
Your +0 spectral club barely misses the gnoll.
The gnoll hits you with a +0 flail!
You die...

... ..)....# ..## .....#
... ##†...#
####.######r..#
#............##
#.........# #.#S.....###
...#.#g###....###..
.......(@........... ∆
###..##...#....##########
#... #.....#### #<))))
... #...### ##)##.. .$
#...###### ##.....# .
#>..##...###..#.###
.#######...##.......#..#
.....>......#...#..##.##
########...............


You could see a gnoll, a ball python and a friendly +0 spectral club (summoned).

Vanquished Creatures
  An orc priest (D:3)
  Jessica (D:2)
  Natasha (thrice) (D:2)
  3 gnolls (D:3)
  An adder (D:2)
  2 worms (D:2)
  2 dart slugs
  5 orcs (D:3)
  4 ball pythons (D:2)
  6 endoplasms
  5 giant cockroaches
  2 goblins
  9 hobgoblins
  9 jackals
  3 quokkas
  4 bats (D:1)
  2 frilled lizards
  5 kobolds
  4 rats
71 creatures vanquished.

Notes
Turn   | Place    | Note
-------+----------+-------------------------------------------
     0 | D:1      | croobank the Gnoll Cinder Acolyte began the quest for the
                  | Orb.
     0 | D:1      | Reached XP level 1. HP: 23/23 MP: 4/4
   200 | D:1      | Reached XP level 2. HP: 11/29 MP: 5/5
   203 | D:1      | Learned a level 2 spell: Scorch
   885 | D:1      | Reached XP level 3. HP: 35/35 MP: 1/7
  1249 | D:1      | Reached skill level 1 in Invocations
  1889 | D:2      | Reached skill level 1 in Short Blades
  1889 | D:2      | Reached skill level 1 in Axes
  1889 | D:2      | Reached skill level 1 in Maces & Flails
  1889 | D:2      | Reached skill level 1 in Polearms
  1889 | D:2      | Reached skill level 1 in Staves
  1889 | D:2      | Reached skill level 1 in Slings
  1889 | D:2      | Reached skill level 1 in Bows
  1889 | D:2      | Reached skill level 1 in Crossbows
  1889 | D:2      | Reached skill level 1 in Throwing
  1889 | D:2      | Reached skill level 1 in Armour
  1889 | D:2      | Reached skill level 1 in Dodging
  1889 | D:2      | Reached skill level 1 in Stealth
  1889 | D:2      | Reached skill level 1 in Shields
  1889 | D:2      | Reached skill level 1 in Unarmed Combat
  1889 | D:2      | Reached skill level 1 in Evocations
  1949 | D:2      | Noticed Natasha
  1963 | D:2      | Reached XP level 4. HP: 26/41 MP: 0/8
  1966 | D:2      | Killed Natasha
  1982 | D:2      | Reached skill level 1 in Conjurations
  1982 | D:2      | Reached skill level 1 in Hexes
  1982 | D:2      | Reached skill level 1 in Summonings
  1982 | D:2      | Reached skill level 1 in Necromancy
  1982 | D:2      | Reached skill level 1 in Translocations
  1982 | D:2      | Reached skill level 1 in Transmutations
  1982 | D:2      | Reached skill level 1 in Ice Magic
  1982 | D:2      | Reached skill level 1 in Air Magic
  1982 | D:2      | Reached skill level 1 in Earth Magic
  1982 | D:2      | Reached skill level 1 in Poison Magic
  2306 | D:2      | Noticed Jessica
  2321 | D:2      | Killed Jessica
  2322 | D:2      | Reached XP level 5. HP: 25/47 MP: 2/9
  2387 | D:2      | Noticed Natasha
  2389 | D:2      | Killed Natasha
  2401 | D:2      | Noticed Natasha
  2406 | D:2      | Killed Natasha
  2665 | D:2      | Found a faded altar of an unknown god.
  2999 | D:3      | Reached XP level 6. HP: 24/53 MP: 5/10
  3309 | D:3      | Slain by a gnoll

Illustrated notes

Levels and vault maps discovered:
D:1:      mainiacjoe_arrival_reflecting_pool, layout_loops_corners,
          minmay_split_cup_large
D:2:      layout_basic, basic_ecumenical_altar, minmay_tetromino_s4,
          uniq_jessica, uniq_natasha
D:3:      layout_rooms, gammafunk_temple_overflow_claw

Skill      XL: |  1  2  3  4  5  6 |
---------------+-------------------+-----
Invocations    | 1 2 |  2.0
Short Blades   | 1 |  1.8
Axes           | 1 |  1.8
Maces & Flails | 1 |  1.8
Polearms       | 1 |  1.8
Staves         | 1 |  1.8
Slings         | 1 |  1.8
Bows           | 1 |  1.8
Crossbows      | 1 |  1.8
Throwing       | 1 |  1.8
Armour         | 1 |  1.8
Dodging        | 1 |  1.8
Stealth        | 1 |  1.8
Shields        | 1 |  1.8
Unarmed Combat | 1 |  1.8
Evocations     | 1 |  1.8
Spellcasting   | 3 |  3.3
Conjurations   | 1 |  1.4
Hexes          | 1 |  1.4
Summonings     | 1 |  1.4
Necromancy     | 1 |  1.4
Translocations | 1 |  1.4
Transmutations | 1 |  1.4
Ice Magic      | 1 |  1.4
Air Magic      | 1 |  1.4
Earth Magic    | 1 |  1.4
Poison Magic   | 1 |  1.4
Fighting       | |  6.8
Long Blades    | |  6.8
Fire Magic     | |  5.6

Action                   |  1- 3 |  4- 6 || total
-------------------------+-------+-------++-------
Melee: Falchion          |    65 |    16 ||    81
       Bite              |     6 |     3 ||     9
       Club              |       |    15 ||    15
Throw: Stone             |     3 |       ||     3
 Cast: Scorch            |    36 |    33 ||    69
Invok: Fiery Armour      |       |     2 ||     2
  Use: Potion            |       |     1 ||     1
Armor: Robe              |     6 |       ||     6
       Leather armour    |    13 |     9 ||    22
Dodge: Dodged            |    28 |    24 ||    52

Table legend: (Time is in decaauts)
 A = Elapsed time spent in this place.
 B = Non-inter-level travel time spent in this place.
 C = Inter-level travel time spent in this place.
 D = Time resting spent in this place.
 E = Time spent auto-exploring this place.
 F = Levels seen in this place.
 G = Mean time per level.
                   A        B        C        D        E       F      G
               +--------+--------+--------+--------+--------+-----+--------+
         Total |   3317 |   3297 |     20 |   1183 |   1525 |   3 | 1105.7 |
       Dungeon |   3317 |   3297 |     20 |   1183 |   1525 |   3 | 1105.7 |
               +--------+--------+--------+--------+--------+-----+--------+

Top non-repeatable levels by time:
     D:1: 1779 daAuts
     D:2: 1321 daAuts
     D:3: 217 daAuts
